AoeStats
← 騷護士

African Clearing

510738282Analyzed
4v4 RM · 11h ago on Oct 2, 2026· 31m 43s· 8 players
Game mode
Random Map
Map size
Large (8 player)
Population
200
Speed
Normal
Resources
Standard
Victory
Conquest
Starting age
Dark Age
Ending age
Imperial Age
RankedLock teamsTeams togetherTeam positionsShared explorationLock speedFull tech treeHidden civsTurbo modeCheats
Victory
Defeat
🇫🇮 Franks · Finland
1559
+18
🇹🇼 Huns · Taiwan
1529
+19
🇳🇱 Shu · Netherlands
1507
+20
🇳🇱 Ethiopians · Netherlands
1497
+20
🇨🇳 Burgundians · China
1603
-20
🇨🇳 Slavs · China
1602
-20
🇨🇳 Maya · China
1601
-19
🇭🇰 Byzantines · Hong Kong SAR China
1569
-18
Tiekel
5:59 Loom
11:49 Feudal Age
12:22 Loom
15:29 Town Watch
16:04 Fletching
16:45 Padded Archer Armor
23:12 Castle Age
21:39 Gold Mining
22:01 Horse Collar
24:33 Wheelbarrow
23:56 Bodkin Arrow
23:25 Crossbowman
24:24 Double-Bit Axe
25:26 Bow Saw
Luukjes
13:05 Feudal Age
13:45 Double-Bit Axe
16:11 Fletching
20:46 Loom
23:19 Castle Age
23:42 Crossbowman
24:25 Bodkin Arrow
26:55 Padded Archer Armor
騷護士
3:32 Loom
13:25 Feudal Age
17:57 Castle Age
16:38 Double-Bit Axe
17:02 Fletching
19:08 Wheelbarrow
20:40 Town Watch
20:58 Husbandry
23:21 Scale Barding Armor
27:52 Bloodlines
28:16 Fishing Lines
30:33 Bodkin Arrow
30:39 Padded Archer Armor
31:32 Horse Collar
32:08 Bow Saw
mazq
9:52 Loom
10:43 Loom
13:23 Feudal Age
14:18 Town Watch
18:14 Castle Age
16:41 Forging
17:04 Gold Mining
17:03 Double-Bit Axe
18:58 Scale Barding Armor
19:07 Husbandry
19:34 Bow Saw
22:23 Chain Barding Armor
25:44 Stone Mining
29:48 Wheelbarrow
31:35 Fletching
大平果是小菜鸡父亲
9:23 Loom
14:14 Feudal Age
18:27 Castle Age
16:13 Double-Bit Axe
17:02 Fletching
18:05 Padded Archer Armor
18:34 Crossbowman
20:09 Gold Mining
21:32 Ballistics
25:46 Bodkin Arrow
26:08 Leather Archer Armor
28:09 Elite Skirmisher
中药人
6:58 Double-Bit Axe
9:43 Loom
12:44 Feudal Age
19:43 Castle Age
18:34 Fletching
19:46 Elite Skirmisher
23:45 Bodkin Arrow
26:10 Horse Collar
26:50 Gold Mining
大山鸡
9:20 Loom
12:00 Feudal Age
12:29 Double-Bit Axe
12:28 Horse Collar
20:28 Scale Barding Armor
23:47 Castle Age
29:31 Fletching
31:01 Forging
32:02 Bloodlines
Dalao
4:03 Loom
13:36 Feudal Age
14:15 Loom
18:46 Castle Age
16:50 Double-Bit Axe
20:54 Bow Saw
20:26 Horse Collar
23:23 Fletching
30:19 Bodkin Arrow
30:49 Ballistics
Connection lost

Rejoining the realm…

Still unreachable

The connection could not be restored.

Session expired

The server has moved on; the page needs a fresh start.